Workbook

Sheet Inicio
B2: Control de IVA trimestral (versión gratuita)
B3: Rellena solo las celdas amarillas. Herramienta de ayuda: no es asesoramiento fiscal ni un programa de facturación.
B5: Parámetro | C5: Valor | D5: Fuente / nota
B6: Año fiscal | C6: 2027 | D6: Las facturas de otros años se ignoran en los cálculos.
B7: IVA a compensar de ejercicios anteriores (€) | C7: 0 | D7: Saldo a compensar del 303 del año anterior.
B18: Tipos de IVA (editables) | C18: Retenciones IRPF
B19: 0.21 | C19: 0.15 | D19: Ley 37/1992 del IVA: general 21%, reducido 10%, superreducido 4%, exento/0%.
B20: 0.1 | C20: 0.07 | D20: Retención profesional general 15%; 7% en el año de inicio y los dos siguientes (art. 101 LIRPF).
B21: 0.04 | C21: 0
B22: 0
B24: Cómo usarla
B25: 1. Completa el año y tus datos en esta hoja.
B26: 2. Anota cada factura emitida en «Ingresos» y cada gasto en «Gastos» (la cuota de autónomos va como gasto, categoría «Cuota autónomos»).
B27: 3. Mira «303» (IVA).
B28: Esta hoja registra datos: no emite facturas. Revisa cada importe antes de presentar tus modelos; ante dudas, consultá a tu gestor.

Sheet Ingresos
B2: Ingresos: facturas emitidas
B3: Una fila por factura. Columnas amarillas = datos; el resto se calcula solo.
A4: Fecha | B4: Nº factura | C4: Cliente | D4: NIF cliente | E4: Concepto | F4: Base imponible | G4: % IVA | H4: Cuota IVA | I4: % Retención | J4: Retención | K4: Total factura | L4: ¿Cobrada? | M4: Trimestre | N4: Mes
H5: =IF($F5="","",ROUND($F5*$G5,2)) | J5: =IF($F5="","",ROUND($F5*$I5,2)) | K5: =IF($F5="","",$F5+$H5-$J5) | M5: =IF(OR($A5="",$F5=""),"",IF(YEAR($A5)=Inicio!$C$6,ROUNDUP(MONTH($A5)/3,0),"Otro año")) | N5: =IF(OR($A5="",$F5=""),"",IF(YEAR($A5)=Inicio!$C$6,MONTH($A5),""))
H6: =IF($F6="","",ROUND($F6*$G6,2)) | J6: =IF($F6="","",ROUND($F6*$I6,2)) | K6: =IF($F6="","",$F6+$H6-$J6) | M6: =IF(OR($A6="",$F6=""),"",IF(YEAR($A6)=Inicio!$C$6,ROUNDUP(MONTH($A6)/3,0),"Otro año")) | N6: =IF(OR($A6="",$F6=""),"",IF(YEAR($A6)=Inicio!$C$6,MONTH($A6),""))
H7: =IF($F7="","",ROUND($F7*$G7,2)) | J7: =IF($F7="","",ROUND($F7*$I7,2)) | K7: =IF($F7="","",$F7+$H7-$J7) | M7: =IF(OR($A7="",$F7=""),"",IF(YEAR($A7)=Inicio!$C$6,ROUNDUP(MONTH($A7)/3,0),"Otro año")) | N7: =IF(OR($A7="",$F7=""),"",IF(YEAR($A7)=Inicio!$C$6,MONTH($A7),""))
H8: =IF($F8="","",ROUND($F8*$G8,2)) | J8: =IF($F8="","",ROUND($F8*$I8,2)) | K8: =IF($F8="","",$F8+$H8-$J8) | M8: =IF(OR($A8="",$F8=""),"",IF(YEAR($A8)=Inicio!$C$6,ROUNDUP(MONTH($A8)/3,0),"Otro año")) | N8: =IF(OR($A8="",$F8=""),"",IF(YEAR($A8)=Inicio!$C$6,MONTH($A8),""))
H9: =IF($F9="","",ROUND($F9*$G9,2)) | J9: =IF($F9="","",ROUND($F9*$I9,2)) | K9: =IF($F9="","",$F9+$H9-$J9) | M9: =IF(OR($A9="",$F9=""),"",IF(YEAR($A9)=Inicio!$C$6,ROUNDUP(MONTH($A9)/3,0),"Otro año")) | N9: =IF(OR($A9="",$F9=""),"",IF(YEAR($A9)=Inicio!$C$6,MONTH($A9),""))
H10: =IF($F10="","",ROUND($F10*$G10,2)) | J10: =IF($F10="","",ROUND($F10*$I10,2)) | K10: =IF($F10="","",$F10+$H10-$J10) | M10: =IF(OR($A10="",$F10=""),"",IF(YEAR($A10)=Inicio!$C$6,ROUNDUP(MONTH($A10)/3,0),"Otro año")) | N10: =IF(OR($A10="",$F10=""),"",IF(YEAR($A10)=Inicio!$C$6,MONTH($A10),""))
H11: =IF($F11="","",ROUND($F11*$G11,2)) | J11: =IF($F11="","",ROUND($F11*$I11,2)) | K11: =IF($F11="","",$F11+$H11-$J11) | M11: =IF(OR($A11="",$F11=""),"",IF(YEAR($A11)=Inicio!$C$6,ROUNDUP(MONTH($A11)/3,0),"Otro año")) | N11: =IF(OR($A11="",$F11=""),"",IF(YEAR($A11)=Inicio!$C$6,MONTH($A11),""))
H12: =IF($F12="","",ROUND($F12*$G12,2)) | J12: =IF($F12="","",ROUND($F12*$I12,2)) | K12: =IF($F12="","",$F12+$H12-$J12) | M12: =IF(OR($A12="",$F12=""),"",IF(YEAR($A12)=Inicio!$C$6,ROUNDUP(MONTH($A12)/3,0),"Otro año")) | N12: =IF(OR($A12="",$F12=""),"",IF(YEAR($A12)=Inicio!$C$6,MONTH($A12),""))
H13: =IF($F13="","",ROUND($F13*$G13,2)) | J13: =IF($F13="","",ROUND($F13*$I13,2)) | K13: =IF($F13="","",$F13+$H13-$J13) | M13: =IF(OR($A13="",$F13=""),"",IF(YEAR($A13)=Inicio!$C$6,ROUNDUP(MONTH($A13)/3,0),"Otro año")) | N13: =IF(OR($A13="",$F13=""),"",IF(YEAR($A13)=Inicio!$C$6,MONTH($A13),""))
H14: =IF($F14="","",ROUND($F14*$G14,2)) | J14: =IF($F14="","",ROUND($F14*$I14,2)) | K14: =IF($F14="","",$F14+$H14-$J14) | M14: =IF(OR($A14="",$F14=""),"",IF(YEAR($A14)=Inicio!$C$6,ROUNDUP(MONTH($A14)/3,0),"Otro año")) | N14: =IF(OR($A14="",$F14=""),"",IF(YEAR($A14)=Inicio!$C$6,MONTH($A14),""))
H15: =IF($F15="","",ROUND($F15*$G15,2)) | J15: =IF($F15="","",ROUND($F15*$I15,2)) | K15: =IF($F15="","",$F15+$H15-$J15) | M15: =IF(OR($A15="",$F15=""),"",IF(YEAR($A15)=Inicio!$C$6,ROUNDUP(MONTH($A15)/3,0),"Otro año")) | N15: =IF(OR($A15="",$F15=""),"",IF(YEAR($A15)=Inicio!$C$6,MONTH($A15),""))
H16: =IF($F16="","",ROUND($F16*$G16,2)) | J16: =IF($F16="","",ROUND($F16*$I16,2)) | K16: =IF($F16="","",$F16+$H16-$J16) | M16: =IF(OR($A16="",$F16=""),"",IF(YEAR($A16)=Inicio!$C$6,ROUNDUP(MONTH($A16)/3,0),"Otro año")) | N16: =IF(OR($A16="",$F16=""),"",IF(YEAR($A16)=Inicio!$C$6,MONTH($A16),""))
... H1004: =IF($F1004="","",ROUND($F1004*$G1004,2)) | J1004: =IF($F1004="","",ROUND($F1004*$I1004,2)) | K1004: =IF($F1004="","",$F1004+$H1004-$J1004) | M1004: =IF(OR($A1004="",$F1004=""),"",IF(YEAR($A1004)=Inicio!$C$6,ROUNDUP(MONTH($A1004)/3,0),"Otro año")) | N1004: =IF(OR($A1004="",$F1004=""),"",IF(YEAR($A1004)=Inicio!$C$6,MONTH($A1004),""))

Sheet Gastos
B2: Gastos: facturas recibidas
B3: Una fila por gasto. % deducible de IVA y % de afectación al IRPF editables (por ejemplo, suministros en casa).
A4: Fecha | B4: Proveedor | C4: NIF proveedor | D4: Concepto | E4: Categoría | F4: Base imponible | G4: % IVA | H4: Cuota IVA | I4: % IVA deducible | J4: IVA deducible | K4: % afectación IRPF | L4: Gasto deducible IRPF | M4: Trimestre | N4: Mes
H5: =IF($F5="","",ROUND($F5*$G5,2)) | J5: =IF($F5="","",ROUND($H5*IF($I5="",1,$I5),2)) | L5: =IF($F5="","",ROUND(($F5+$H5-$J5)*IF($K5="",1,$K5),2)) | M5: =IF(OR($A5="",$F5=""),"",IF(YEAR($A5)=Inicio!$C$6,ROUNDUP(MONTH($A5)/3,0),"Otro año")) | N5: =IF(OR($A5="",$F5=""),"",IF(YEAR($A5)=Inicio!$C$6,MONTH($A5),"")) | P5: Cuota autónomos
H6: =IF($F6="","",ROUND($F6*$G6,2)) | J6: =IF($F6="","",ROUND($H6*IF($I6="",1,$I6),2)) | L6: =IF($F6="","",ROUND(($F6+$H6-$J6)*IF($K6="",1,$K6),2)) | M6: =IF(OR($A6="",$F6=""),"",IF(YEAR($A6)=Inicio!$C$6,ROUNDUP(MONTH($A6)/3,0),"Otro año")) | N6: =IF(OR($A6="",$F6=""),"",IF(YEAR($A6)=Inicio!$C$6,MONTH($A6),"")) | P6: Compras / mercaderías
H7: =IF($F7="","",ROUND($F7*$G7,2)) | J7: =IF($F7="","",ROUND($H7*IF($I7="",1,$I7),2)) | L7: =IF($F7="","",ROUND(($F7+$H7-$J7)*IF($K7="",1,$K7),2)) | M7: =IF(OR($A7="",$F7=""),"",IF(YEAR($A7)=Inicio!$C$6,ROUNDUP(MONTH($A7)/3,0),"Otro año")) | N7: =IF(OR($A7="",$F7=""),"",IF(YEAR($A7)=Inicio!$C$6,MONTH($A7),"")) | P7: Alquiler
H8: =IF($F8="","",ROUND($F8*$G8,2)) | J8: =IF($F8="","",ROUND($H8*IF($I8="",1,$I8),2)) | L8: =IF($F8="","",ROUND(($F8+$H8-$J8)*IF($K8="",1,$K8),2)) | M8: =IF(OR($A8="",$F8=""),"",IF(YEAR($A8)=Inicio!$C$6,ROUNDUP(MONTH($A8)/3,0),"Otro año")) | N8: =IF(OR($A8="",$F8=""),"",IF(YEAR($A8)=Inicio!$C$6,MONTH($A8),"")) | P8: Suministros
H9: =IF($F9="","",ROUND($F9*$G9,2)) | J9: =IF($F9="","",ROUND($H9*IF($I9="",1,$I9),2)) | L9: =IF($F9="","",ROUND(($F9+$H9-$J9)*IF($K9="",1,$K9),2)) | M9: =IF(OR($A9="",$F9=""),"",IF(YEAR($A9)=Inicio!$C$6,ROUNDUP(MONTH($A9)/3,0),"Otro año")) | N9: =IF(OR($A9="",$F9=""),"",IF(YEAR($A9)=Inicio!$C$6,MONTH($A9),"")) | P9: Software y suscripciones
H10: =IF($F10="","",ROUND($F10*$G10,2)) | J10: =IF($F10="","",ROUND($H10*IF($I10="",1,$I10),2)) | L10: =IF($F10="","",ROUND(($F10+$H10-$J10)*IF($K10="",1,$K10),2)) | M10: =IF(OR($A10="",$F10=""),"",IF(YEAR($A10)=Inicio!$C$6,ROUNDUP(MONTH($A10)/3,0),"Otro año")) | N10: =IF(OR($A10="",$F10=""),"",IF(YEAR($A10)=Inicio!$C$6,MONTH($A10),"")) | P10: Teléfono e internet
H11: =IF($F11="","",ROUND($F11*$G11,2)) | J11: =IF($F11="","",ROUND($H11*IF($I11="",1,$I11),2)) | L11: =IF($F11="","",ROUND(($F11+$H11-$J11)*IF($K11="",1,$K11),2)) | M11: =IF(OR($A11="",$F11=""),"",IF(YEAR($A11)=Inicio!$C$6,ROUNDUP(MONTH($A11)/3,0),"Otro año")) | N11: =IF(OR($A11="",$F11=""),"",IF(YEAR($A11)=Inicio!$C$6,MONTH($A11),"")) | P11: Material de oficina
H12: =IF($F12="","",ROUND($F12*$G12,2)) | J12: =IF($F12="","",ROUND($H12*IF($I12="",1,$I12),2)) | L12: =IF($F12="","",ROUND(($F12+$H12-$J12)*IF($K12="",1,$K12),2)) | M12: =IF(OR($A12="",$F12=""),"",IF(YEAR($A12)=Inicio!$C$6,ROUNDUP(MONTH($A12)/3,0),"Otro año")) | N12: =IF(OR($A12="",$F12=""),"",IF(YEAR($A12)=Inicio!$C$6,MONTH($A12),"")) | P12: Formación
H13: =IF($F13="","",ROUND($F13*$G13,2)) | J13: =IF($F13="","",ROUND($H13*IF($I13="",1,$I13),2)) | L13: =IF($F13="","",ROUND(($F13+$H13-$J13)*IF($K13="",1,$K13),2)) | M13: =IF(OR($A13="",$F13=""),"",IF(YEAR($A13)=Inicio!$C$6,ROUNDUP(MONTH($A13)/3,0),"Otro año")) | N13: =IF(OR($A13="",$F13=""),"",IF(YEAR($A13)=Inicio!$C$6,MONTH($A13),"")) | P13: Gestoría y asesoría
H14: =IF($F14="","",ROUND($F14*$G14,2)) | J14: =IF($F14="","",ROUND($H14*IF($I14="",1,$I14),2)) | L14: =IF($F14="","",ROUND(($F14+$H14-$J14)*IF($K14="",1,$K14),2)) | M14: =IF(OR($A14="",$F14=""),"",IF(YEAR($A14)=Inicio!$C$6,ROUNDUP(MONTH($A14)/3,0),"Otro año")) | N14: =IF(OR($A14="",$F14=""),"",IF(YEAR($A14)=Inicio!$C$6,MONTH($A14),"")) | P14: Publicidad
H15: =IF($F15="","",ROUND($F15*$G15,2)) | J15: =IF($F15="","",ROUND($H15*IF($I15="",1,$I15),2)) | L15: =IF($F15="","",ROUND(($F15+$H15-$J15)*IF($K15="",1,$K15),2)) | M15: =IF(OR($A15="",$F15=""),"",IF(YEAR($A15)=Inicio!$C$6,ROUNDUP(MONTH($A15)/3,0),"Otro año")) | N15: =IF(OR($A15="",$F15=""),"",IF(YEAR($A15)=Inicio!$C$6,MONTH($A15),"")) | P15: Vehículo y desplazamientos
H16: =IF($F16="","",ROUND($F16*$G16,2)) | J16: =IF($F16="","",ROUND($H16*IF($I16="",1,$I16),2)) | L16: =IF($F16="","",ROUND(($F16+$H16-$J16)*IF($K16="",1,$K16),2)) | M16: =IF(OR($A16="",$F16=""),"",IF(YEAR($A16)=Inicio!$C$6,ROUNDUP(MONTH($A16)/3,0),"Otro año")) | N16: =IF(OR($A16="",$F16=""),"",IF(YEAR($A16)=Inicio!$C$6,MONTH($A16),"")) | P16: Seguros
... H18: =IF($F18="","",ROUND($F18*$G18,2)) | J18: =IF($F18="","",ROUND($H18*IF($I18="",1,$I18),2)) | L18: =IF($F18="","",ROUND(($F18+$H18-$J18)*IF($K18="",1,$K18),2)) | M18: =IF(OR($A18="",$F18=""),"",IF(YEAR($A18)=Inicio!$C$6,ROUNDUP(MONTH($A18)/3,0),"Otro año")) | N18: =IF(OR($A18="",$F18=""),"",IF(YEAR($A18)=Inicio!$C$6,MONTH($A18),"")) | P18: Otros
H19: =IF($F19="","",ROUND($F19*$G19,2)) | J19: =IF($F19="","",ROUND($H19*IF($I19="",1,$I19),2)) | L19: =IF($F19="","",ROUND(($F19+$H19-$J19)*IF($K19="",1,$K19),2)) | M19: =IF(OR($A19="",$F19=""),"",IF(YEAR($A19)=Inicio!$C$6,ROUNDUP(MONTH($A19)/3,0),"Otro año")) | N19: =IF(OR($A19="",$F19=""),"",IF(YEAR($A19)=Inicio!$C$6,MONTH($A19),""))
H20: =IF($F20="","",ROUND($F20*$G20,2)) | J20: =IF($F20="","",ROUND($H20*IF($I20="",1,$I20),2)) | L20: =IF($F20="","",ROUND(($F20+$H20-$J20)*IF($K20="",1,$K20),2)) | M20: =IF(OR($A20="",$F20=""),"",IF(YEAR($A20)=Inicio!$C$6,ROUNDUP(MONTH($A20)/3,0),"Otro año")) | N20: =IF(OR($A20="",$F20=""),"",IF(YEAR($A20)=Inicio!$C$6,MONTH($A20),""))
H21: =IF($F21="","",ROUND($F21*$G21,2)) | J21: =IF($F21="","",ROUND($H21*IF($I21="",1,$I21),2)) | L21: =IF($F21="","",ROUND(($F21+$H21-$J21)*IF($K21="",1,$K21),2)) | M21: =IF(OR($A21="",$F21=""),"",IF(YEAR($A21)=Inicio!$C$6,ROUNDUP(MONTH($A21)/3,0),"Otro año")) | N21: =IF(OR($A21="",$F21=""),"",IF(YEAR($A21)=Inicio!$C$6,MONTH($A21),""))
H22: =IF($F22="","",ROUND($F22*$G22,2)) | J22: =IF($F22="","",ROUND($H22*IF($I22="",1,$I22),2)) | L22: =IF($F22="","",ROUND(($F22+$H22-$J22)*IF($K22="",1,$K22),2)) | M22: =IF(OR($A22="",$F22=""),"",IF(YEAR($A22)=Inicio!$C$6,ROUNDUP(MONTH($A22)/3,0),"Otro año")) | N22: =IF(OR($A22="",$F22=""),"",IF(YEAR($A22)=Inicio!$C$6,MONTH($A22),""))
H23: =IF($F23="","",ROUND($F23*$G23,2)) | J23: =IF($F23="","",ROUND($H23*IF($I23="",1,$I23),2)) | L23: =IF($F23="","",ROUND(($F23+$H23-$J23)*IF($K23="",1,$K23),2)) | M23: =IF(OR($A23="",$F23=""),"",IF(YEAR($A23)=Inicio!$C$6,ROUNDUP(MONTH($A23)/3,0),"Otro año")) | N23: =IF(OR($A23="",$F23=""),"",IF(YEAR($A23)=Inicio!$C$6,MONTH($A23),""))
H24: =IF($F24="","",ROUND($F24*$G24,2)) | J24: =IF($F24="","",ROUND($H24*IF($I24="",1,$I24),2)) | L24: =IF($F24="","",ROUND(($F24+$H24-$J24)*IF($K24="",1,$K24),2)) | M24: =IF(OR($A24="",$F24=""),"",IF(YEAR($A24)=Inicio!$C$6,ROUNDUP(MONTH($A24)/3,0),"Otro año")) | N24: =IF(OR($A24="",$F24=""),"",IF(YEAR($A24)=Inicio!$C$6,MONTH($A24),""))
H25: =IF($F25="","",ROUND($F25*$G25,2)) | J25: =IF($F25="","",ROUND($H25*IF($I25="",1,$I25),2)) | L25: =IF($F25="","",ROUND(($F25+$H25-$J25)*IF($K25="",1,$K25),2)) | M25: =IF(OR($A25="",$F25=""),"",IF(YEAR($A25)=Inicio!$C$6,ROUNDUP(MONTH($A25)/3,0),"Otro año")) | N25: =IF(OR($A25="",$F25=""),"",IF(YEAR($A25)=Inicio!$C$6,MONTH($A25),""))
H26: =IF($F26="","",ROUND($F26*$G26,2)) | J26: =IF($F26="","",ROUND($H26*IF($I26="",1,$I26),2)) | L26: =IF($F26="","",ROUND(($F26+$H26-$J26)*IF($K26="",1,$K26),2)) | M26: =IF(OR($A26="",$F26=""),"",IF(YEAR($A26)=Inicio!$C$6,ROUNDUP(MONTH($A26)/3,0),"Otro año")) | N26: =IF(OR($A26="",$F26=""),"",IF(YEAR($A26)=Inicio!$C$6,MONTH($A26),""))
H27: =IF($F27="","",ROUND($F27*$G27,2)) | J27: =IF($F27="","",ROUND($H27*IF($I27="",1,$I27),2)) | L27: =IF($F27="","",ROUND(($F27+$H27-$J27)*IF($K27="",1,$K27),2)) | M27: =IF(OR($A27="",$F27=""),"",IF(YEAR($A27)=Inicio!$C$6,ROUNDUP(MONTH($A27)/3,0),"Otro año")) | N27: =IF(OR($A27="",$F27=""),"",IF(YEAR($A27)=Inicio!$C$6,MONTH($A27),""))
H28: =IF($F28="","",ROUND($F28*$G28,2)) | J28: =IF($F28="","",ROUND($H28*IF($I28="",1,$I28),2)) | L28: =IF($F28="","",ROUND(($F28+$H28-$J28)*IF($K28="",1,$K28),2)) | M28: =IF(OR($A28="",$F28=""),"",IF(YEAR($A28)=Inicio!$C$6,ROUNDUP(MONTH($A28)/3,0),"Otro año")) | N28: =IF(OR($A28="",$F28=""),"",IF(YEAR($A28)=Inicio!$C$6,MONTH($A28),""))
H29: =IF($F29="","",ROUND($F29*$G29,2)) | J29: =IF($F29="","",ROUND($H29*IF($I29="",1,$I29),2)) | L29: =IF($F29="","",ROUND(($F29+$H29-$J29)*IF($K29="",1,$K29),2)) | M29: =IF(OR($A29="",$F29=""),"",IF(YEAR($A29)=Inicio!$C$6,ROUNDUP(MONTH($A29)/3,0),"Otro año")) | N29: =IF(OR($A29="",$F29=""),"",IF(YEAR($A29)=Inicio!$C$6,MONTH($A29),""))
H30: =IF($F30="","",ROUND($F30*$G30,2)) | J30: =IF($F30="","",ROUND($H30*IF($I30="",1,$I30),2)) | L30: =IF($F30="","",ROUND(($F30+$H30-$J30)*IF($K30="",1,$K30),2)) | M30: =IF(OR($A30="",$F30=""),"",IF(YEAR($A30)=Inicio!$C$6,ROUNDUP(MONTH($A30)/3,0),"Otro año")) | N30: =IF(OR($A30="",$F30=""),"",IF(YEAR($A30)=Inicio!$C$6,MONTH($A30),""))
... H1004: =IF($F1004="","",ROUND($F1004*$G1004,2)) | J1004: =IF($F1004="","",ROUND($H1004*IF($I1004="",1,$I1004),2)) | L1004: =IF($F1004="","",ROUND(($F1004+$H1004-$J1004)*IF($K1004="",1,$K1004),2)) | M1004: =IF(OR($A1004="",$F1004=""),"",IF(YEAR($A1004)=Inicio!$C$6,ROUNDUP(MONTH($A1004)/3,0),"Otro año")) | N1004: =IF(OR($A1004="",$F1004=""),"",IF(YEAR($A1004)=Inicio!$C$6,MONTH($A1004),""))

Sheet 303
B2: IVA trimestral (orientativo)
B3: Resultado calculado a partir de Ingresos y Gastos. Compruébalo antes de presentar.
B5: Concepto | C5: 1T | D5: 2T | E5: 3T | F5: 4T
B6: Base imponible al 21% | C6: =SUMIFS(Ingresos!$F$5:$F$1004,Ingresos!$M$5:$M$1004,1,Ingresos!$G$5:$G$1004,0.21) | D6: =SUMIFS(Ingresos!$F$5:$F$1004,Ingresos!$M$5:$M$1004,2,Ingresos!$G$5:$G$1004,0.21) | E6: =SUMIFS(Ingresos!$F$5:$F$1004,Ingresos!$M$5:$M$1004,3,Ingresos!$G$5:$G$1004,0.21) | F6: =SUMIFS(Ingresos!$F$5:$F$1004,Ingresos!$M$5:$M$1004,4,Ingresos!$G$5:$G$1004,0.21) | H6: ¿Quieres el 130, la cuota de autónomos, el calendario y el panel? Versión completa: próximamente.
B7: Cuota IVA al 21% | C7: =SUMIFS(Ingresos!$H$5:$H$1004,Ingresos!$M$5:$M$1004,1,Ingresos!$G$5:$G$1004,0.21) | D7: =SUMIFS(Ingresos!$H$5:$H$1004,Ingresos!$M$5:$M$1004,2,Ingresos!$G$5:$G$1004,0.21) | E7: =SUMIFS(Ingresos!$H$5:$H$1004,Ingresos!$M$5:$M$1004,3,Ingresos!$G$5:$G$1004,0.21) | F7: =SUMIFS(Ingresos!$H$5:$H$1004,Ingresos!$M$5:$M$1004,4,Ingresos!$G$5:$G$1004,0.21)
B8: Base imponible al 10% | C8: =SUMIFS(Ingresos!$F$5:$F$1004,Ingresos!$M$5:$M$1004,1,Ingresos!$G$5:$G$1004,0.1) | D8: =SUMIFS(Ingresos!$F$5:$F$1004,Ingresos!$M$5:$M$1004,2,Ingresos!$G$5:$G$1004,0.1) | E8: =SUMIFS(Ingresos!$F$5:$F$1004,Ingresos!$M$5:$M$1004,3,Ingresos!$G$5:$G$1004,0.1) | F8: =SUMIFS(Ingresos!$F$5:$F$1004,Ingresos!$M$5:$M$1004,4,Ingresos!$G$5:$G$1004,0.1)
B9: Cuota IVA al 10% | C9: =SUMIFS(Ingresos!$H$5:$H$1004,Ingresos!$M$5:$M$1004,1,Ingresos!$G$5:$G$1004,0.1) | D9: =SUMIFS(Ingresos!$H$5:$H$1004,Ingresos!$M$5:$M$1004,2,Ingresos!$G$5:$G$1004,0.1) | E9: =SUMIFS(Ingresos!$H$5:$H$1004,Ingresos!$M$5:$M$1004,3,Ingresos!$G$5:$G$1004,0.1) | F9: =SUMIFS(Ingresos!$H$5:$H$1004,Ingresos!$M$5:$M$1004,4,Ingresos!$G$5:$G$1004,0.1)
B10: Base imponible al 4% | C10: =SUMIFS(Ingresos!$F$5:$F$1004,Ingresos!$M$5:$M$1004,1,Ingresos!$G$5:$G$1004,0.04) | D10: =SUMIFS(Ingresos!$F$5:$F$1004,Ingresos!$M$5:$M$1004,2,Ingresos!$G$5:$G$1004,0.04) | E10: =SUMIFS(Ingresos!$F$5:$F$1004,Ingresos!$M$5:$M$1004,3,Ingresos!$G$5:$G$1004,0.04) | F10: =SUMIFS(Ingresos!$F$5:$F$1004,Ingresos!$M$5:$M$1004,4,Ingresos!$G$5:$G$1004,0.04)
B11: Cuota IVA al 4% | C11: =SUMIFS(Ingresos!$H$5:$H$1004,Ingresos!$M$5:$M$1004,1,Ingresos!$G$5:$G$1004,0.04) | D11: =SUMIFS(Ingresos!$H$5:$H$1004,Ingresos!$M$5:$M$1004,2,Ingresos!$G$5:$G$1004,0.04) | E11: =SUMIFS(Ingresos!$H$5:$H$1004,Ingresos!$M$5:$M$1004,3,Ingresos!$G$5:$G$1004,0.04) | F11: =SUMIFS(Ingresos!$H$5:$H$1004,Ingresos!$M$5:$M$1004,4,Ingresos!$G$5:$G$1004,0.04)
B12: Base exenta / 0% | C12: =SUMIFS(Ingresos!$F$5:$F$1004,Ingresos!$M$5:$M$1004,1,Ingresos!$G$5:$G$1004,0) | D12: =SUMIFS(Ingresos!$F$5:$F$1004,Ingresos!$M$5:$M$1004,2,Ingresos!$G$5:$G$1004,0) | E12: =SUMIFS(Ingresos!$F$5:$F$1004,Ingresos!$M$5:$M$1004,3,Ingresos!$G$5:$G$1004,0) | F12: =SUMIFS(Ingresos!$F$5:$F$1004,Ingresos!$M$5:$M$1004,4,Ingresos!$G$5:$G$1004,0)
B13: Total IVA devengado | C13: =C7+C9+C11 | D13: =D7+D9+D11 | E13: =E7+E9+E11 | F13: =F7+F9+F11
B14: Base de gastos | C14: =SUMIFS(Gastos!$F$5:$F$1004,Gastos!$M$5:$M$1004,1) | D14: =SUMIFS(Gastos!$F$5:$F$1004,Gastos!$M$5:$M$1004,2) | E14: =SUMIFS(Gastos!$F$5:$F$1004,Gastos!$M$5:$M$1004,3) | F14: =SUMIFS(Gastos!$F$5:$F$1004,Gastos!$M$5:$M$1004,4)
B15: IVA deducible | C15: =SUMIFS(Gastos!$J$5:$J$1004,Gastos!$M$5:$M$1004,1) | D15: =SUMIFS(Gastos!$J$5:$J$1004,Gastos!$M$5:$M$1004,2) | E15: =SUMIFS(Gastos!$J$5:$J$1004,Gastos!$M$5:$M$1004,3) | F15: =SUMIFS(Gastos!$J$5:$J$1004,Gastos!$M$5:$M$1004,4)
B16: Diferencia (devengado − deducible) | C16: =C13-C15 | D16: =D13-D15 | E16: =E13-E15 | F16: =F13-F15
B17: Cuotas a compensar de periodos anteriores | C17: =Inicio!$C$7 | D17: =C19 | E17: =D19 | F17: =E19
B18: Resultado de la liquidación | C18: =C16-C17 | D18: =D16-D17 | E18: =E16-E17 | F18: =F16-F17
B19: A compensar en el siguiente periodo | C19: =MAX(0,-C18) | D19: =MAX(0,-D18) | E19: =MAX(0,-E18) | F19: =MAX(0,-F18)
B20: IVA A INGRESAR | C20: =MAX(0,C18) | D20: =MAX(0,D18) | E20: =MAX(0,E18) | F20: =MAX(0,F18)
B21: En el 4T, un saldo a compensar puede pedirse a devolver o compensarse el año siguiente.
B23: Plazo de presentación | C23: =DATE(Inicio!$C$6,4,20) | D23: =DATE(Inicio!$C$6,7,20) | E23: =DATE(Inicio!$C$6,10,20) | F23: =DATE(Inicio!$C$6+1,1,30)
B24: Estado (semáforo) | C24: =IF(TODAY()>C23,"Vencido",IF(C23-TODAY()<=15,"Próximo","En plazo")) | D24: =IF(TODAY()>D23,"Vencido",IF(D23-TODAY()<=15,"Próximo","En plazo")) | E24: =IF(TODAY()>E23,"Vencido",IF(E23-TODAY()<=15,"Próximo","En plazo")) | F24: =IF(TODAY()>F23,"Vencido",IF(F23-TODAY()<=15,"Próximo","En plazo"))
B25: Plazos habituales: 1-20 de abril, julio y octubre; 1-30 de enero para el 4T. Si el último día es inhábil se traslada (comprobalo en el calendario de la AEAT).
